 Dungeon Crawl Stone Soup version 0.17-a0-186-g8d083fd (webtiles) character file.

1813 squibie the Carver (level 8, -4/66 HPs)
             Began as a Demigod Gladiator on Mar 27, 2015.
             Slain by an orc warrior
             ... wielding a +0 war axe
              (18 damage)
             ... on level 7 of the Dungeon.
             The game lasted 00:19:11 (6841 turns).

squibie the Carver (Demigod Gladiator)              Turns: 6841, Time: 00:19:11

Health: -4/66      AC: 16    Str: 18    XL:     8   Next: 54%
Magic:  13/13      EV:  9    Int: 12    God:
Gold:   362        SH:  0    Dex: 20    Spells: 0 memorised, 7 levels left

rFire  . . .     SeeInvis +     a - +0 long sword
rCold  . . .     Clarity  .     K - +0 chain mail
rNeg   . . .     SustAb   +     (no shield)
rPois  .         Gourm    .     c - +0 helmet
rElec  .         Spirit   .     q - +0 cloak
rCorr  .         Warding  .     (no gloves)
rMut   .         Stasis   .     G - +0 pair of boots
MR     .....                    (no amulet)
Stlth  ..........               A - ring of stealth
                                I - ring of see invisible

@: not resistant to hostile enchantments, extremely unstealthy
A: slimy green scales 1, yellow scales 1, sense surroundings 1, sustain
abilities
a: no special abilities


You were on level 7 of the Dungeon.
You were not hungry.

You visited 1 branch of the dungeon, and saw 7 of its levels.

You collected 362 gold pieces.

Inventory:

Hand weapons
 a - a +0 long sword (weapon)
Missiles
 o - 5 tomahawks (quivered)
Armour
 b - a +0 leather armour
 c - a +0 helmet (worn)
 q - a +0 cloak (worn)
 z - the +1 robe of Fashionability {rCorr Str+3 Int-4}
   (You found it on level 4 of the Dungeon)

   It affects your strength (+3).
   It affects your intelligence (-4).
   It protects you from acid and corrosion.
 G - a +0 pair of boots (worn)
 K - a +0 chain mail (worn)
 L - a +1 leather armour of poison resistance
Jewellery
 g - an uncursed ring of sustain abilities
 t - an uncursed ring of protection from cold
 A - a ring of stealth (right hand)
 I - a ring of see invisible (left hand)
Magical devices
 d - a wand of slowing (35)
 s - a wand of random effects (18)
Scrolls
 e - 2 scrolls of identify
 i - 6 scrolls of enchant armour
 j - 2 scrolls of immolation
 k - 2 scrolls of enchant weapon
 p - 4 scrolls of teleportation
 r - 5 scrolls of remove curse
 w - a scroll of magic mapping
 x - a scroll of amnesia
 y - a scroll of blinking
Potions
 l - a potion of cancellation {unknown}
 m - 2 potions of mutation
 n - 4 potions of curing
 v - a potion of degeneration {unknown}
 C - a potion of might {unknown}
 D - a potion of heal wounds {unknown}
 E - a potion of magic {unknown}
Comestibles
 f - 5 bread rations
 h - 8 meat rations
 u - 2 beef jerkies
 B - 3 chunks of flesh
 J - a slice of pizza


   Skills:
 - Level 4.0 Fighting
 - Level 9.3 Long Blades
 - Level 1.7 Throwing
 + Level 3.9 Armour
 - Level 2.6 Dodging


You had 7 spell levels left.
You didn't know any spells.

Dungeon Overview and Level Annotations

Branches:
Dungeon (7/15)             Temple (0/1) D:7

Shops:
D:7 :


Innate Abilities, Weirdness & Mutations

Your attributes are resistant to harm.
You are partially covered in slimy green scales (AC +2).
You are partially covered in yellow scales (AC +2).
You passively map a small area around you.


Message History

The orc warrior barely misses you.
You hit the orc warrior.
The orc warrior is lightly wounded.
The orc warrior hits you with a war axe!
You hit the orc warrior.
The orc warrior is moderately wounded.
The orc warrior hits you but does no damage.
You hit the orc warrior.
The orc warrior is heavily wounded.
You hit the orc warrior.
The orc warrior is heavily wounded.
The orc warrior closely misses you.
You hit the orc warrior.
The orc warrior is severely wounded.
The orc warrior hits you with a war axe!!
* * * LOW HITPOINT WARNING * * *
Your chain mail prevents you from hitting the orc warrior.
The orc warrior is severely wounded.
The orc warrior hits you with a war axe!!
You die...

#.####...# * ... #........# ,
... #........# ... #........#
,, ... #.......## , , ... *
*###......# ############..?
...'......# #..........)..)
####......######....[...).....
,*
....>....'..@ooM.............
,
,.........######..........!..#
,.....#### #..............
...####.### #.......≈≈≈≈≈..
.......<# #.....≈≈≈≈≈≈≈≈≈
..####.#....# #...≈≈≈≈≈≈≈≈≈≈≈
#. .##.# #..≈≈≈≈≈≈≈≈≈≈≈≈ #.
.#*, ##.≈≈≈≈≈≈...≈≈≈ #. .#
#.≈≈≈≈≈≈.>.≈≈≈


You could see an orc warrior, a mummy and an orc.

Vanquished Creatures
  Edmund (D:7)
  A phantom (D:6)
  A black bear (D:3)
  3 ogres
  2 centaurs
  Sigmund (D:4)
  A giant frog (D:7)
  4 scorpions
  A crimson imp (D:5)
  A giant frog zombie (D:5)
  2 iguanas
  A jelly (D:6)
  Crazy Yiuf (D:2)
  2 orc priests
  A centaur skeleton (D:5)
  3 orc wizards
  2 worker ants
  2 hounds
  Ijyb (D:4)
  Robin (D:4)
  10 adders
  2 shadow imps
  A giant mite (D:5)
  4 worms
  An adder zombie (D:6)
  An adder skeleton (D:4)
  2 oozes (D:5)
  25 orcs
  21 bats
  2 bat skeletons (D:5)
  A bat zombie (D:6)
  3 giant cockroaches
  21 goblins
  10 hobgoblins
  7 jackals
  5 kobolds
  2 ball pythons
  A ball python zombie (D:5)
  2 giant geckos
  A giant gecko zombie (D:5)
  5 giant newts
  A jackal skeleton (D:6)
  5 quokkas
  13 rats
178 creatures vanquished.

Notes
Turn   | Place    | Note
--------------------------------------------------------------
     0 | D:1      | squibie, the Demigod Gladiator, began the quest for the Orb.
     0 | D:1      | Reached XP level 1. HP: 17/17 MP: 2/2
   163 | D:1      | Reached skill level 3 in Long Blades
   163 | D:1      | Reached XP level 2. HP: 18/24 MP: 3/3
   754 | D:2      | Found a burning altar of Makhleb.
   943 | D:2      | Reached XP level 3. HP: 30/30 MP: 5/5
  1447 | D:2      | Noticed Crazy Yiuf
  1455 | D:2      | Killed Crazy Yiuf
  1455 | D:2      | Reached XP level 4. HP: 38/38 MP: 7/7
  1675 | D:3      | Noticed a black bear
  1693 | D:3      | Killed a black bear
  1693 | D:3      | Reached skill level 4 in Long Blades
  1693 | D:3      | Reached XP level 5. HP: 28/46 MP: 8/8
  2501 | D:3      | Reached skill level 5 in Long Blades
  2567 | D:3      | Found an ancient bone altar of Kikubaaqudgha.
  2653 | D:4      | Reached XP level 6. HP: 41/52 MP: 10/10
  2667 | D:4      | Noticed Robin
  2687 | D:4      | Killed Robin
  3098 | D:4      | Found a shadowy altar of Dithmenos.
  3098 | D:4      | Found a white marble altar of Elyvilon.
  3147 | D:4      | Got a slimy robe
  3158 | D:4      | Identified the +1 robe of Fashionability {rCorr Str+3 Int-4} (You found it on level 4 of the Dungeon)
  3408 | D:4      | Found a shattered altar of Ashenzari.
  3426 | D:4      | Noticed Ijyb
  3434 | D:4      | Killed Ijyb
  3434 | D:4      | Reached skill level 6 in Long Blades
  3574 | D:4      | Noticed an ogre
  3583 | D:4      | Killed an ogre
  3610 | D:4      | Reached XP level 7. HP: 59/59 MP: 12/12
  3859 | D:4      | Noticed Sigmund
  3873 | D:4      | Killed Sigmund
  4059 | D:4      | Reached skill level 7 in Long Blades
  4101 | D:5      | Entered Level 5 of the Dungeon
  5019 | D:5      | Reached skill level 8 in Long Blades
  5376 | D:6      | Reached XP level 8. HP: 66/66 MP: 13/13
  5540 | D:6      | Reached skill level 9 in Long Blades
  6201 | D:6      | Reached skill level 1 in Armour
  6386 | D:6      | Gained mutation: You are partially covered in yellow scales (AC +2). [potion of mutation]
  6386 | D:6      | Gained mutation: You are partially covered in slimy green scales (AC +2). [potion of mutation]
  6386 | D:6      | Gained mutation: You passively map a small area around you. [potion of mutation]
  6494 | D:7      | Found Veikhleb's Book Emporium.
  6511 | D:7      | Noticed Edmund
  6544 | D:7      | Killed Edmund
  6791 | D:7      | Found a staircase to the Ecumenical Temple.
  6841 | D:7      | Slain by an orc warrior

Action                   |  1- 3 |  4- 6 |  7- 9 || total
-------------------------+-------+-------+-------++-------
Melee: Long sword        |   114 |   219 |   341 ||   674
Throw: Throwing net      |     2 |     5 |     3 ||    10
       Tomahawk          |     2 |       |     1 ||     3
  Use: Scroll            |       |     6 |     6 ||    12
       Potion            |       |       |     3 ||     3
 Stab: Sleeping          |     1 |     5 |     4 ||    10
       Held in net/web   |     2 |     8 |     1 ||    11
  Eat: Chunk             |     1 |     8 |    11 ||    20
